 Dungeon Crawl Stone Soup version 0.31-a0-182-gc5ef74bbde (webtiles) character file.

Game seed: 17698716650483083486

101503 qw the Severer (level 16, -2/103 HPs)
             Began as a Gargoyle Fighter on June 21, 2023.
             Was an Elder of Okawaru.
             Slain by a swamp worm (25 damage)
             ... called by a spriggan druid
             ... on level 1 of the Swamp.
             The game lasted 00:15:53 (23719 turns).

qw the Severer (Gargoyle Fighter)                  Turns: 23719, Time: 00:15:54

Health: -2/103     AC: 45    Str: 28    XL:     16   Next: 30%
Magic:  23/23      EV: 11    Int: 11    God:    Okawaru [****..]
Gold:   1441       SH: 13    Dex:  9    Spells: 15/15 levels left

rFire   . . .        z - +0 eveningstar (flame)
rCold   + . .        b - +0 kite shield "Doas" {rN+}
rNeg    + + .        c - +3 plate armour "Iqyst" {Will+}
rPois   inf          G - +0 helmet "Exkasuk" {*Slow Regen+ Str+2}
rElec   +            n - +2 cloak {Stlth+}
rCorr   .            C - +2 pair of gloves
SInv    .            m - +2 pair of boots
Will    +++..        A - amulet of regeneration Stlth
                     F - ring of protection from cold
HPRegen 1.97/turn    D - ring of willpower
MPRegen 0.18/turn

%: slow self (1%)
@: about to teleport, heroic, flying
A: sickness immunity, AC +12, big wings, negative energy resistance 1,
electricity resistance, torment resistance 1, petrification resistance, mutation
resistance 1, sturdy frame 1
a: Renounce Religion, Heroism, Finesse


You were on level 1 of the Swamp.
You worshipped Okawaru.
Okawaru was greatly pleased with you.
You visited 5 branches of the dungeon, and saw 24 of its levels.
You also visited: Ossuary.

You collected 3173 gold pieces.
You spent 1732 gold pieces at shops.


Innate Abilities, Weirdness & Mutations

You are immune to sickness and miasma.
Your stone body is resilient. (AC +12)
You are immune to poison.
Your large and strong wings let you fly.
You resist negative energy. (rN+)
You are resistant to electric shocks. (rElec)
You are resistant to unholy torment.
You are immune to petrification.
You are somewhat resistant to further mutation.
Your movements are slightly less encumbered by armour. (ER -2)


   Skills:
 + Level 12.4(17.4) Fighting
 - Level 17.0(22.0) Axes
 - Level 6.5(11.5) Throwing
 - Level 12.0(17.0) Armour
 - Level 3.0(8.0) Dodging
 - Level 13.0(18.0) Shields
 - Level 10.1 Invocations


You had 15 spell levels left.
You didn't know any spells.
Your spell library was empty.

Inventory:

Hand Weapons
 y - the +3 broad axe of the Valley {chaos, rPois Will+}
   (Okawaru gifted it to you on level 13 of the Dungeon)

   rPois:     It protects you from poison.
   Will:      It increases your willpower.
 z - a +0 eveningstar of flaming (weapon)
 E - a +0 broad axe
Missiles
 j - 3 javelins
 p - 15 boomerangs
 u - 3 silver boomerangs (quivered)
Armour
 b - the +0 kite shield "Doas" (worn) {rN+}
   (You acquired it on level 7 of the Dungeon)

   rN:        It protects you from negative energy.
 c - the +3 plate armour "Iqyst" (worn) {Will+}
   (You found it on level 8 of the Dungeon)

   Will:      It increases your willpower.
 l - +0 acid dragon scales
 m - a +2 pair of boots (worn)
 n - a +2 cloak of stealth (worn)
 C - a +2 pair of gloves (worn)
 G - the +0 helmet "Exkasuk" (worn) {*Slow Regen+ Str+2}
   (You found it on level 14 of the Dungeon)

   Str:       It affects your strength (+2).
   Regen:     It increases your rate of health regeneration.
   *Slow:     It may slow you when you take damage.
Jewellery
 a - a ring of fire
 i - a ring of ice
 v - a ring of fire
 A - an amulet of regeneration (around neck)
 B - a ring of positive energy
 D - a ring of willpower (right hand)
 F - a ring of protection from cold (left hand)
 Y - a ring of positive energy
Wands
 t - a wand of digging (6)
Scrolls
 f - 3 scrolls of teleportation
 r - 13 scrolls of identify
Potions
 d - 2 potions of might
 e - 5 potions of haste
 g - 3 potions of enlightenment
 h - 3 potions of magic
 o - a potion of mutation
 q - 3 potions of lignification
 s - 3 potions of attraction
 w - 10 potions of curing
 x - 2 potions of resistance

Dungeon Overview and Level Annotations

Branches:
Dungeon (15/15)            Temple (1/1) D:4            Lair (5/5) D:10
  Swamp (1/4) Lair:2       Spider (0/4) Lair:2        Slime (0/5) Lair:5
    Orc (2/2) D:9             Elf (0/3) Orc:2        Vaults (0/5) D:13
 Depths (0/4) D:15        Ossuary (visited)

Altars:
Ashenzari
Cheibriados
Dithmenos
Elyvilon
Fedhas
Gozag
Hepliaklqana
Kikubaaqudgha
Makhleb
Nemelex Xobeh
Okawaru
Qazlal
Ru
Sif Muna
Trog
Uskayaw
Vehumet
Wu Jian
Xom
Yredelemnul
Zin
The Shining One
Jiyva

Shops:
D:12 ?   D:13 =   Orc:2 (:[*

Annotations:
D:5 2 transporters, qw's ghost, amateur GrHu
D:6 exclusion: goblin
D:9 2 transporters
Lair:4 1 runed translucent door, qw's ghost, journeyman GrFi
Lair:5 2 transporters, qw's ghost, journeyman GrFi


Message History

You slice the spriggan!! You freeze the spriggan!
You kill the spriggan!
Okawaru accepts your kill.
The spriggan rider hits you but does no damage.
The alligator puts on a burst of speed!
23716 ||| SWAPPING to +0 eveningstar of flaming.
Your +0 eveningstar of flaming bursts into flame!
z - a +0 eveningstar of flaming (weapon)
The swamp worm misses you.
You impale the eight-headed hydra!! You burn the eight-headed hydra.
The eight-headed hydra is heavily wounded.
The spriggan rider hits you but does no damage.
You block the eight-headed hydra's attack.
The eight-headed hydra bites you but does no damage.
The eight-headed hydra bites you.
You block the eight-headed hydra's attack.
The eight-headed hydra bites you! The eight-headed hydra bites you.
The eight-headed hydra bites you but does no damage.
The eight-headed hydra barely misses you.
The swamp worm bites you!!
You hit the eight-headed hydra but do no damage.
The eight-headed hydra is heavily wounded.
The six-headed hydra barely misses you.
The six-headed hydra bites you but does no damage. x2
You block the six-headed hydra's attack.
The six-headed hydra bites you but does no damage. x2
You block the spriggan rider's attack.
The spriggan druid points at you and mumbles some strange words.
The stone arrow hits you!
The eight-headed hydra bites you but does no damage. x3
The eight-headed hydra bites you!
The eight-headed hydra bites you but does no damage.
The eight-headed hydra closely misses you.
You block the eight-headed hydra's attack.
The eight-headed hydra bites you but does no damage.
23719 ||| READING 4 scrolls of teleportation.
As you read the scroll of teleportation, it crumbles to dust.
You feel strangely unstable. The swamp worm bites you!!
You die...

.~~~ ~~~ .~~~~~¤~~~~~~~. .
~..~~...¤~~~...
....7..........
~...(.~/.....~~~ 7
~~............~~. 77
~~~~.n.i.¤~...... .77 ...
~~~~..>i%~~.....~ ~.77.~~~
~~~(~.D@¤~~~.... ¤.....~~
~~~...tDw~~~.... ~~....~~
.~~~.t..~¤¤.777
~~~...~~......7~..~~.777
~~~..~~..(~~~.77~~~~~.~7
~~~~777~.~~~~.777~~~~~.777
~~~.7777.~~~.7 77.%.~¤.~~77
.~~~.77~.~~~.7 7....~~~...~7
~..~..77~~~~.777~...~~¤.~..7


You could see 2 alligators, an eight-headed hydra (strong), a six-headed hydra
(strong), a spriggan rider, a spriggan druid, a swamp worm (strong) and a
bloated husk.

Vanquished Creatures
  Rupert (Lair:5)
  A fire giant (D:13)
  An orc warlord (Orc:2)
  A stone giant (D:15)
  An eleionoma (Swamp:1)
  A bunyip (Swamp:1)
  Snorg (D:14)
  Josephine (D:14)
  A fire dragon (Lair:5)
  7 vault guards (D:13)
  6 hydras
  2 boulder beetles (D:13)
  6 centaur warriors
  10 death yaks
  6 two-headed ogres
  2 tengu warriors (D:15)
  3 alligators (Swamp:1)
  5 orc high priests (Orc:2)
  A sun demon (D:13)
  Urug (D:13)
  Amaemon (Lair:1)
  Lodul (D:13)
  A skyshark (Lair:3)
  A spriggan druid (Swamp:1)
  A swamp dragon (shapeshifter) (D:14)
  A deep troll (shapeshifter) (D:14)
  2 swamp dragons
  A glowing orange brain (D:14)
  2 spriggan simulacra (D:15)
  2 orc knights (Orc:2)
  7 deep elf pyromancers
  5 orc sorcerers (Orc:2)
  2 wolf spiders
  6 deep elf zephyrmancers (D:15)
  2 manticores
  2 will-o-the-wisps
  2 cyclopes
  An ugly thing (D:12)
  Maurice (D:9)
  3 smoke demons (D:13)
  6 elephants (Lair:5)
  A black mamba (shapeshifter) (D:13)
  A guardian serpent (shapeshifter) (D:13)
  A guardian serpent (Lair:5)
  An orange demon (Lair:1)
  6 black mambas
  Joseph (D:9)
  An efreet (D:15)
  13 cane toads
  8 komodo dragons
  An unseen horror (shapeshifter) (D:15)
  6 rime drakes
  An anaconda simulacrum (D:15)
  3 hornets
  2 tyrant leeches (Swamp:1)
  A polar bear (Lair:5)
  10 trolls
  10 blink frogs
  Sigmund (D:6)
  13 slime creatures
  A spriggan (Swamp:1)
  A shapeshifter (D:14)
  7 wraiths
  A dire elephant simulacrum (D:15)
  A vampire (D:13)
  A fire elemental (D:13)
  A water elemental (D:15)
  19 wyverns
  4 basilisks
  18 yaks
  7 steam dragons
  5 redbacks
  21 vampire mosquitoes
  A harpy simulacrum (D:15)
  5 wargs
  3 acid dragons
  2 swamp worms (Swamp:1)
  2 hell hounds (Orc:2)
  22 water moccasins
  2 swamp drakes
  4 black bears
  2 black bears (shapeshifter)
  An alligator simulacrum (D:15)
  A sky beast (D:8)
  17 orc warriors
  19 wolves
  18 centaurs
  14 ogres
  2 phantoms
  3 kobold brigands
  8 bullfrogs
  2 deep troll simulacra (D:15)
  A gnoll sergeant (D:9)
  3 scorpions
  13 wights
  10 killer bees (D:7)
  3 howler monkeys
  8 electric eels
  A hound (D:4)
  6 orc priests
  A gnoll bouda (D:10)
  6 jellies
  3 iguanas
  Ijyb (D:3)
  A sleepcap (D:4)
  Natasha (thrice) (D:3)
  15 orc wizards
  A mummy (D:4)
  11 gnolls
  4 adders
  A shadow imp (D:5)
  2 white imps
  2 ufetubi
  3 worms
  4 dart slugs
  37 orcs
  6 bats
  11 endoplasms
  3 giant cockroaches
  10 goblins
  7 hobgoblins
  4 jackals
  18 kobolds
  3 quokkas
  9 ball pythons
  4 frilled lizards (D:1)
  7 hobgoblin zombies (Ossuary)
  6 kobold zombies (Ossuary)
  7 orc zombies (Ossuary)
  8 rats
  A spectral kobold (D:12)
648 creatures vanquished.

Vanquished Creatures (others)
  An orc (Orc:2)
  12 foxfires
13 creatures vanquished.

Grand Total: 661 creatures vanquished

Notes
Turn   | Place    | Note
-------+----------+-------------------------------------------
     0 | D:1      | qw the Gargoyle Fighter began the quest for the Orb.
     0 | D:1      | Reached XP level 1. HP: 14/14 MP: 1/1
     0 | D:1      | 0 ||| qw: Version: 0.3-a-9-g12657ce
     0 | D:1      | 0 ||| qw: Game counter: 1521
     0 | D:1      | 0 ||| qw: Always use a shield: true
     0 | D:1      | 0 ||| qw: God list: Okawaru
     0 | D:1      | 0 ||| qw: Allow faded altars: false
     0 | D:1      | 0 ||| qw: Do Orc after D:15 true
     0 | D:1      | 0 ||| qw: Do second Lair branch before Depths: true
     0 | D:1      | 0 ||| qw: Lair rune preference: random
     0 | D:1      | 0 ||| qw: Plans: Normal, Zot:1-4, Slime:5, God:TSO, Crypt,
                  | Tomb, Abyss, Pan, Hells, Win
     0 | D:1      | 0 ||| PLANNING D:1-11
    36 | D:1      | Reached skill level 2 in Axes
    83 | D:1      | Reached XP level 2. HP: 19/19 MP: 2/2
   271 | D:1      | 271 ||| DROPPING +0 club.
   333 | D:1      | 333 ||| Stepping ~*~*~tactically~*~*~ (stealth).
   339 | D:1      | Reached skill level 3 in Axes
   365 | D:1      | Reached XP level 3. HP: 23/23 MP: 3/3
   515 | D:1      | 515 ||| DROPPING +0 whip.
   640 | D:1      | 640 ||| UPGRADING to +0 cloak.
   645 | D:1      | 645 ||| READING scroll labelled BEPSAHONED.
   646 | D:1      | 646 ||| READING 3 scrolls labelled CEAN SAOCOJUO.
   647 | D:1      | 647 ||| READING 2 scrolls of enchant weapon.
   647 | D:1      | 647 ||| ENCHANTING +1 war axe.
   648 | D:1      | 648 ||| READING scroll of enchant weapon.
   648 | D:1      | 648 ||| ENCHANTING +2 war axe.
   649 | D:1      | 649 ||| READING scroll labelled JESEVV GYUWKUE.
   650 | D:1      | 650 ||| READING scroll labelled FOL OGUYCA.
   707 | D:2      | 707 ||| READING scroll of enchant armour.
   707 | D:2      | 707 ||| ENCHANTING +0 cloak.
   715 | D:2      | You fall into a shaft and drop 2 floors!
   716 | D:4      | 716 ||| PLANNING OSSUARY
   728 | D:4      | Reached XP level 4. HP: 24/28 MP: 4/4
   828 | D:4      | Noticed a scorpion
   836 | D:4      | Killed a scorpion
   837 | D:4      | Reached skill level 4 in Axes
   837 | D:4      | Reached XP level 5. HP: 32/32 MP: 5/5
   892 | D:4      | Found a sand-covered staircase.
   895 | D:4      | 895 ||| READING scroll labelled JETUUL IQUTH.
   951 | Ossuary  | Entered an ossuary
  1107 | D:4      | 1107 ||| PLANNING D:1-11
  1126 | D:3      | 1126 ||| Stepping ~*~*~tactically~*~*~ (hiding).
  1188 | D:3      | Reached skill level 5 in Axes
  1210 | D:3      | Noticed Natasha
  1221 | D:3      | Killed Natasha
  1283 | D:3      | 1283 ||| Stepping ~*~*~tactically~*~*~ (stealth).
  1383 | D:3      | 1383 ||| UPGRADING to amulet of the acrobat.
  1388 | D:3      | 1388 ||| DROPPING amulet of guardian spirit.
  1729 | D:2      | 1729 ||| Stepping ~*~*~tactically~*~*~ (stealth).
  1743 | D:2      | 1743 ||| Stepping ~*~*~tactically~*~*~ (stealth).
  1744 | D:2      | 1744 ||| Stepping ~*~*~tactically~*~*~ (stealth).
  1746 | D:2      | 1746 ||| Stepping ~*~*~tactically~*~*~ (hiding).
  1897 | D:2      | 1897 ||| Stepping ~*~*~tactically~*~*~ (hiding).
  1909 | D:2      | Reached skill level 1 in Throwing
  1909 | D:2      | Reached XP level 6. HP: 38/38 MP: 6/6
  1911 | D:2      | 1911 ||| Stepping ~*~*~tactically~*~*~ (stealth).
  1912 | D:2      | 1912 ||| Stepping ~*~*~tactically~*~*~ (stealth).
  1913 | D:2      | 1913 ||| Stepping ~*~*~tactically~*~*~ (stealth).
  1942 | D:2      | 1942 ||| Stepping ~*~*~tactically~*~*~ (stealth).
  2075 | D:2      | 2075 ||| UPGRADING to +0 pair of boots.
  2080 | D:2      | 2080 ||| READING scroll labelled XUPLIZXE PECU.
  2081 | D:2      | 2081 ||| READING scroll labelled FAUGHUEDWIA.
  2082 | D:2      | 2082 ||| READING scroll labelled GYWIL WELOCI.
  2083 | D:2      | 2083 ||| DRINKING 2 fuming pink potions.
  2083 | D:2      | Gained mutation: You are occasionally teleported next to
                  | monsters. [potion of mutation]
  2083 | D:2      | Gained mutation: You occasionally lose the ability to drink
                  | potions when taking damage. [potion of mutation]
  2084 | D:2      | 2084 ||| DRINKING potion of mutation.
  2084 | D:2      | Lost mutation: You occasionally lose the ability to drink
                  | potions when taking damage. [potion of mutation]
  2084 | D:2      | Lost mutation: You are occasionally teleported next to
                  | monsters. [potion of mutation]
  2084 | D:2      | Gained mutation: Your movements are slightly less
                  | encumbered by armour. (ER -2) [potion of mutation]
  2084 | D:2      | Gained mutation: You are somewhat resistant to further
                  | mutation. [potion of mutation]
  2202 | D:2      | Reached skill level 1 in Dodging
  2293 | D:3      | Noticed Natasha
  2302 | D:3      | Killed Natasha
  2365 | D:3      | Noticed Ijyb
  2366 | D:3      | 2366 ||| Stepping ~*~*~tactically~*~*~ (hiding).
  2367 | D:3      | 2367 ||| Stepping ~*~*~tactically~*~*~ (hiding).
  2380 | D:3      | Killed Ijyb
  2382 | D:3      | 2382 ||| FLEEEEING.
  2383 | D:3      | 2383 ||| FLEEEEING.
  2538 | D:3      | Noticed Natasha
  2539 | D:3      | 2539 ||| Stepping ~*~*~tactically~*~*~ (hiding).
  2546 | D:3      | Killed Natasha
  2578 | D:3      | 2578 ||| DRINKING 2 dark potions.
  2587 | D:3      | 2587 ||| DROPPING potion of ambrosia.
  2626 | D:4      | Found a bloodstained altar of Trog.
  2744 | D:4      | Reached skill level 6 in Axes
  2744 | D:4      | Reached XP level 7. HP: 32/43 MP: 7/7
  2814 | D:4      | 2814 ||| DROPPING +0 flail.
  3168 | D:4      | Found a staircase to the Ecumenical Temple.
  3169 | D:4      | 3169 ||| PLANNING TEMPLE
  3169 | D:4      | 3169 ||| UPGRADING to ring of willpower.
  3170 | D:4      | 3170 ||| DRINKING 2 bubbling cyan potions.
  3175 | Temple   | Entered the Ecumenical Temple
  3245 | Temple   | 3245 ||| PLANNING D:1-11
  3391 | D:4      | 3391 ||| Stepping randomly (stuck).
  3404 | D:5      | Entered Level 5 of the Dungeon
  3452 | D:5      | Found a hide-covered altar of Uskayaw.
  3460 | D:5      | 3460 ||| Stepping ~*~*~tactically~*~*~ (hiding).
  3711 | D:5      | Found an ornate altar of the Wu Jian Council.
  3743 | D:5      | Reached skill level 7 in Axes
  3833 | D:5      | Found a transporter.
  3837 | D:5      | Noticed qw's ghost (amateur GrHu)
  3852 | D:5      | Found a transporter.
  4003 | D:5      | Reached XP level 8. HP: 48/48 MP: 8/8
  4111 | D:6      | 4111 ||| Stepping ~*~*~tactically~*~*~ (stealth).
  4116 | D:6      | 4116 ||| Stepping ~*~*~tactically~*~*~ (stealth).
  4121 | D:6      | 4121 ||| Stepping ~*~*~tactically~*~*~ (stealth).
  4121 | D:6      | Noticed Sigmund
  4122 | D:6      | 4122 ||| Stepping ~*~*~tactically~*~*~ (hiding).
  4123 | D:6      | 4123 ||| Stepping ~*~*~tactically~*~*~ (hiding).
  4134 | D:6      | Killed Sigmund
  4239 | D:6      | Found a sacrificial altar of Ru.
  4275 | D:6      | 4275 ||| READING 2 scrolls of identify.
  4275 | D:6      | 4275 ||| IDENTIFYING blue potion
  4278 | D:6      | Found an iron altar of Okawaru.
  4279 | D:6      | 4279 ||| PLANNING OKAWARU WORSHIP
  4387 | D:6      | Reached skill level 8 in Axes
  4495 | D:6      | Became a worshipper of Warmaster Okawaru
  4496 | D:6      | 4496 ||| PLANNING D:1-11
  4538 | D:7      | Reached skill level 6 in Fighting
  4804 | D:7      | 4804 ||| Stepping ~*~*~tactically~*~*~ (stealth).
  4805 | D:7      | 4805 ||| Stepping ~*~*~tactically~*~*~ (stealth).
  4815 | D:7      | Reached * piety under Okawaru
  4816 | D:7      | Reached skill level 9 in Axes
  4816 | D:7      | Reached XP level 9. HP: 22/55 MP: 9/9
  4816 | D:7      | 4816 ||| INVOKING Heroism.
  5165 | D:7      | 5165 ||| UPGRADING to +0 chain mail.
  5175 | D:7      | 5175 ||| DROPPING +0 scale mail.
  5176 | D:7      | 5176 ||| READING scroll labelled TOSIEP PIOPI.
  5177 | D:7      | 5177 ||| READING scroll labelled OZUCWI KIMEGE.
  5178 | D:7      | 5178 ||| READING scroll labelled KEFIACLU VIWY.
  5178 | D:7      | Identified a scroll of acquirement
  5178 | D:7      | 5178 ||| ACQUIRING +0 kite shield "Doas" {rN+}
  5178 | D:7      | Acquired the +0 kite shield "Doas" {rN+}
  5180 | D:7      | 5180 ||| UPGRADING to +0 kite shield "Doas" {rN+}.
  5190 | D:7      | 5190 ||| DROPPING +0 buckler.
  5191 | D:7      | 5191 ||| DRINKING 2 fuming golden potions.
  5192 | D:7      | 5192 ||| READING 3 scrolls of identify.
  5192 | D:7      | 5192 ||| IDENTIFYING fuming orange potion
  5193 | D:7      | 5193 ||| READING 2 scrolls of identify.
  5193 | D:7      | 5193 ||| IDENTIFYING fizzy white potion
  5266 | D:8      | 5266 ||| INVOKING Heroism.
  5268 | D:8      | 5268 ||| Stepping ~*~*~tactically~*~*~ (stealth).
  5269 | D:8      | 5269 ||| Stepping ~*~*~tactically~*~*~ (stealth).
  5434 | D:8      | 5434 ||| Stepping ~*~*~tactically~*~*~ (hiding).
  5551 | D:8      | 5551 ||| Stepping ~*~*~tactically~*~*~ (hiding).
  5613 | D:8      | 5613 ||| INVOKING Heroism.
  5616 | D:8      | HP: 12/55 [steam dragon/ball of steam (3)]
  5617 | D:8      | Reached skill level 6 in Shields
  5617 | D:8      | 5617 ||| DRINKING 2 potions of heal wounds.
  5720 | D:8      | 5720 ||| Stepping ~*~*~tactically~*~*~ (cloud).
  5723 | D:8      | 5723 ||| INVOKING Heroism.
  5730 | D:8      | 5730 ||| FLEEEEING.
  5731 | D:8      | 5731 ||| FLEEEEING.
  5732 | D:8      | 5732 ||| FLEEEEING.
  5733 | D:8      | 5733 ||| FLEEEEING.
  5734 | D:8      | 5734 ||| FLEEEEING.
  5735 | D:8      | 5735 ||| FLEEEEING.
  5736 | D:8      | 5736 ||| FLEEEEING.
  5737 | D:8      | 5737 ||| FLEEEEING.
  5738 | D:8      | 5738 ||| FLEEEEING.
  5739 | D:8      | 5739 ||| FLEEEEING.
  5740 | D:8      | 5740 ||| FLEEEEING.
  5741 | D:8      | 5741 ||| FLEEEEING.
  5742 | D:8      | 5742 ||| FLEEEEING.
  5743 | D:8      | 5743 ||| FLEEEEING.
  5744 | D:8      | 5744 ||| FLEEEEING.
  5745 | D:8      | 5745 ||| FLEEEEING.
  5746 | D:8      | 5746 ||| FLEEEEING.
  5747 | D:8      | 5747 ||| FLEEEEING.
  5748 | D:8      | 5748 ||| FLEEEEING.
  5749 | D:8      | 5749 ||| FLEEEEING.
  5751 | D:8      | 5751 ||| FLEEEEING.
  5752 | D:8      | 5752 ||| FLEEEEING.
  5753 | D:8      | 5753 ||| FLEEEEING.
  5754 | D:8      | 5754 ||| FLEEEEING.
  5755 | D:8      | 5755 ||| FLEEEEING.
  5756 | D:8      | 5756 ||| FLEEEEING.
  5964 | D:8      | Reached skill level 1 in Invocations
  5984 | D:8      | 5984 ||| Stepping ~*~*~tactically~*~*~ (stealth).
  5985 | D:8      | 5985 ||| Stepping ~*~*~tactically~*~*~ (stealth).
  5986 | D:8      | 5986 ||| Stepping ~*~*~tactically~*~*~ (stealth).
  6038 | D:8      | Identified the +3 plate armour "Iqyst" {Will+}
  6044 | D:8      | Found a blossoming altar of Fedhas.
  6045 | D:8      | 6045 ||| Stepping ~*~*~tactically~*~*~ (hiding).
  6141 | D:8      | Found a stormy altar of Qazlal.
  6153 | D:8      | Noticed a troll
  6154 | D:8      | 6154 ||| INVOKING Heroism.
  6167 | D:8      | Killed a troll
  6289 | D:8      | Identified the +10 dagger "Pyirex" {flame, rElec Stlth+}
  6311 | D:8      | 6311 ||| INVOKING Heroism.
  6488 | D:8      | 6488 ||| UPGRADING to +3 plate armour "Iqyst" {Will+}.
  6498 | D:8      | 6498 ||| DROPPING +0 chain mail.
  6546 | D:9      | Found a transporter.
  6554 | D:9      | Noticed a deep elf pyromancer
  6555 | D:9      | 6555 ||| Stepping ~*~*~tactically~*~*~ (stealth).
  6556 | D:9      | 6556 ||| Stepping ~*~*~tactically~*~*~ (stealth).
  6563 | D:9      | Noticed Joseph
  6564 | D:9      | 6564 ||| INVOKING Heroism.
  6580 | D:9      | Killed Joseph
  6581 | D:9      | Reached skill level 3 in Invocations
  6581 | D:9      | Reached XP level 10. HP: 30/60 MP: 9/12
  6582 | D:9      | HP: 3/60 [deep elf pyromancer/bolt of fire (21)]
  6583 | D:9      | 6583 ||| DRINKING potion of heal wounds.
  6584 | D:9      | 6584 ||| INVOKING Heroism.
  6585 | D:9      | Killed a deep elf pyromancer
  6586 | D:9      | Reached skill level 6 in Armour
  6590 | D:9      | Reached ** piety under Okawaru
  6627 | D:9      | 6627 ||| FLEEEEING.
  6631 | D:9      | 6631 ||| STAIRDANCE
  6667 | D:8      | 6667 ||| INVOKING Heroism.
  6741 | D:9      | 6741 ||| Stepping ~*~*~tactically~*~*~ (hiding).
  6742 | D:9      | 6742 ||| Stepping ~*~*~tactically~*~*~ (hiding).
  6743 | D:9      | 6743 ||| Stepping ~*~*~tactically~*~*~ (hiding).
  6744 | D:9      | 6744 ||| Stepping ~*~*~tactically~*~*~ (hiding).
  6745 | D:9      | 6745 ||| Stepping ~*~*~tactically~*~*~ (hiding).
  6786 | D:9      | Found a staircase to the Orcish Mines.
  6795 | D:9      | 6795 ||| INVOKING Heroism.
  6905 | D:9      | Found a transporter.
  6906 | D:9      | Found a flagged portal.
  6927 | D:9      | 6927 ||| Stepping ~*~*~tactically~*~*~ (stealth).
  6929 | D:9      | 6929 ||| Stepping ~*~*~tactically~*~*~ (stealth).
  6934 | D:9      | 6934 ||| Stepping ~*~*~tactically~*~*~ (stealth).
  6941 | D:9      | Reached skill level 9 in Shields
  7025 | D:9      | Noticed Maurice
  7026 | D:9      | 7026 ||| Stepping ~*~*~tactically~*~*~ (hiding).
  7037 | D:9      | Killed Maurice
  7164 | D:9      | Found a glowing golden altar of the Shining One.
  7348 | D:9      | 7348 ||| UPGRADING to +2 cloak of stealth.
  7358 | D:9      | 7358 ||| DROPPING +1 cloak.
  7359 | D:9      | 7359 ||| READING scroll labelled KOGOUR WAPSA.
  7381 | D:10     | Entered Level 10 of the Dungeon
  7382 | D:10     | 7382 ||| INVOKING Heroism.
  7446 | D:10     | Found a hazy altar of Hepliaklqana.
  7469 | D:10     | 7469 ||| Stepping ~*~*~tactically~*~*~ (stealth).
  7470 | D:10     | 7470 ||| Stepping ~*~*~tactically~*~*~ (stealth).
  7517 | D:10     | 7517 ||| INVOKING Heroism.
  7519 | D:10     | Reached skill level 10 in Axes
  7532 | D:10     | Reached XP level 11. HP: 37/68 MP: 12/14
  7554 | D:10     | 7554 ||| FLEEEEING.
  7571 | D:10     | 7571 ||| FLEEEEING.
  7572 | D:10     | 7572 ||| FLEEEEING.
  7573 | D:10     | 7573 ||| FLEEEEING.
  7578 | D:10     | 7578 ||| FLEEEEING.
  7579 | D:10     | 7579 ||| FLEEEEING.
  7580 | D:10     | 7580 ||| FLEEEEING.
  7582 | D:10     | 7582 ||| FLEEEEING.
  7584 | D:10     | 7584 ||| FLEEEEING.
  7594 | D:10     | 7594 ||| INVOKING Heroism.
  7633 | D:10     | 7633 ||| FLEEEEING.
  7634 | D:10     | 7634 ||| FLEEEEING.
  7636 | D:10     | 7636 ||| FLEEEEING.
  7637 | D:10     | 7637 ||| FLEEEEING.
  7638 | D:10     | 7638 ||| STAIRDANCE
  7662 | D:9      | 7662 ||| DROPPING +6 ring of intelligence.
  7666 | D:10     | 7666 ||| STAIRDANCE
  7675 | D:9      | 7675 ||| INVOKING Heroism.
  7679 | D:9      | Reached skill level 3 in Throwing
  7785 | D:10     | 7785 ||| INVOKING Heroism.
  7825 | D:10     | 7825 ||| FLEEEEING.
  7828 | D:10     | 7828 ||| STAIRDANCE
  7914 | D:10     | 7914 ||| Stepping ~*~*~tactically~*~*~ (stealth).
  7915 | D:10     | 7915 ||| Stepping ~*~*~tactically~*~*~ (stealth).
  7919 | D:10     | 7919 ||| Stepping ~*~*~tactically~*~*~ (stealth).
  7921 | D:10     | 7921 ||| Stepping ~*~*~tactically~*~*~ (stealth).
  7922 | D:10     | 7922 ||| Stepping ~*~*~tactically~*~*~ (stealth).
  7923 | D:10     | 7923 ||| Stepping ~*~*~tactically~*~*~ (stealth).
  7925 | D:10     | 7925 ||| Stepping ~*~*~tactically~*~*~ (stealth).
  7926 | D:10     | 7926 ||| Stepping ~*~*~tactically~*~*~ (stealth).
  7927 | D:10     | 7927 ||| INVOKING Heroism.
  7929 | D:10     | 7929 ||| Stepping ~*~*~tactically~*~*~ (hiding).
  7930 | D:10     | 7930 ||| Stepping ~*~*~tactically~*~*~ (hiding).
  8054 | D:10     | Noticed a centaur warrior
  8070 | D:10     | Killed a centaur warrior
  8071 | D:10     | Reached skill level 11 in Axes
  8135 | D:10     | 8135 ||| Stepping ~*~*~tactically~*~*~ (stealth).
  8140 | D:10     | 8140 ||| Stepping ~*~*~tactically~*~*~ (stealth).
  8153 | D:10     | Reached *** piety under Okawaru
  8159 | D:10     | 8159 ||| INVOKING Heroism.
  8166 | D:10     | HP: 16/68 [yak (6)]
  8369 | D:10     | Found a staircase to the Lair.
  8374 | D:10     | 8374 ||| INVOKING Heroism.
  8380 | D:10     | 8380 ||| Stepping ~*~*~tactically~*~*~ (cloud).
  8416 | D:10     | 8416 ||| Stepping ~*~*~tactically~*~*~ (hiding).
  8588 | D:10     | 8588 ||| PLANNING LAIR
  8588 | D:10     | 8588 ||| READING 3 scrolls labelled KAGRYM AKIHUE.
  8626 | Lair:1   | Entered Level 1 of the Lair of Beasts
  8725 | Lair:1   | 8725 ||| INVOKING Heroism.
  8727 | Lair:1   | 8727 ||| Stepping ~*~*~tactically~*~*~ (cloud).
  8972 | Lair:1   | 8972 ||| READING scroll of enchant armour.
  8972 | Lair:1   | 8972 ||| ENCHANTING +0 pair of boots.
  9075 | Lair:1   | 9075 ||| INVOKING Heroism.
  9082 | Lair:1   | Reached skill level 9 in Fighting
  9240 | Lair:1   | Noticed Amaemon
  9241 | Lair:1   | 9241 ||| Stepping ~*~*~tactically~*~*~ (hiding).
  9245 | Lair:1   | 9245 ||| INVOKING Heroism.
  9265 | Lair:1   | 9265 ||| INVOKING Heroism.
  9276 | Lair:1   | Killed Amaemon
  9567 | Lair:1   | 9567 ||| INVOKING Heroism.
  9667 | Lair:1   | 9667 ||| INVOKING Heroism.
  9949 | Lair:1   | Reached XP level 12. HP: 60/76 MP: 15/15
 10161 | Lair:1   | 10161 ||| READING 4 scrolls of identify.
 10161 | Lair:1   | 10161 ||| IDENTIFYING grey potion
 10162 | Lair:1   | 10162 ||| READING 3 scrolls of identify.
 10162 | Lair:1   | 10162 ||| IDENTIFYING clear potion
 10163 | Lair:1   | 10163 ||| DROPPING potion of degeneration.
 10197 | Lair:2   | 10197 ||| STAIRDANCE
 10365 | Lair:2   | Noticed a five-headed hydra
 10366 | Lair:2   | 10366 ||| INVOKING Heroism.
 10369 | Lair:2   | 10369 ||| SWAPPING to -1 demon whip of venom.
 10377 | Lair:2   | Killed a five-headed hydra
 10378 | Lair:2   | Reached skill level 12 in Axes
 10378 | Lair:2   | 10378 ||| SWAPPING to +3 war axe.
 10455 | Lair:2   | 10455 ||| Stepping ~*~*~tactically~*~*~ (stealth).
 10555 | Lair:2   | 10555 ||| INVOKING Heroism.
 10582 | Lair:2   | Noticed an eight-headed hydra
 10583 | Lair:2   | 10583 ||| INVOKING Heroism.
 10588 | Lair:2   | 10588 ||| SWAPPING to -1 demon whip of venom.
 10592 | Lair:2   | Killed an eight-headed hydra
 10593 | Lair:2   | 10593 ||| SWAPPING to +3 war axe.
 10754 | Lair:2   | Found a hole to the Spider Nest.
 10767 | Lair:2   | 10767 ||| READING scroll of enchant weapon.
 10767 | Lair:2   | 10767 ||| ENCHANTING +3 war axe.
 10774 | Lair:2   | Found a staircase to the Swamp.
 10779 | Lair:2   | 10779 ||| FLEEEEING.
 10780 | Lair:2   | 10780 ||| FLEEEEING.
 10781 | Lair:2   | 10781 ||| FLEEEEING.
 10782 | Lair:2   | 10782 ||| FLEEEEING.
 10783 | Lair:2   | 10783 ||| FLEEEEING.
 10784 | Lair:2   | 10784 ||| FLEEEEING.
 10785 | Lair:2   | 10785 ||| FLEEEEING.
 10786 | Lair:2   | 10786 ||| FLEEEEING.
 10790 | Lair:2   | 10790 ||| FLEEEEING.
 10793 | Lair:2   | 10793 ||| FLEEEEING.
 10840 | Lair:2   | 10840 ||| Stepping ~*~*~tactically~*~*~ (stealth).
 10845 | Lair:2   | Noticed a four-headed hydra
 10846 | Lair:2   | 10846 ||| INVOKING Heroism.
 10852 | Lair:2   | 10852 ||| SWAPPING to -1 demon whip of venom.
 10860 | Lair:2   | Killed a four-headed hydra
 10861 | Lair:2   | 10861 ||| SWAPPING to +4 war axe.
 10869 | Lair:2   | Reached skill level 9 in Armour
 11616 | Lair:3   | Noticed a skyshark
 11626 | Lair:3   | Killed a skyshark
 11677 | Lair:3   | Noticed a five-headed hydra
 11678 | Lair:3   | 11678 ||| INVOKING Heroism.
 11682 | Lair:3   | 11682 ||| SWAPPING to -1 demon whip of venom.
 11686 | Lair:3   | Killed a five-headed hydra
 11686 | Lair:3   | Reached **** piety under Okawaru
 11687 | Lair:3   | 11687 ||| Stepping ~*~*~tactically~*~*~ (stealth).
 11688 | Lair:3   | 11688 ||| SWAPPING to +4 war axe.
 11848 | Lair:3   | 11848 ||| INVOKING Heroism.
 11854 | Lair:3   | 11854 ||| Stepping ~*~*~tactically~*~*~ (stealth).
 11883 | Lair:3   | 11883 ||| INVOKING Heroism.
 11924 | Lair:3   | 11924 ||| Stepping ~*~*~tactically~*~*~ (stealth).
 11926 | Lair:3   | 11926 ||| Stepping ~*~*~tactically~*~*~ (stealth).
 11927 | Lair:3   | 11927 ||| Stepping ~*~*~tactically~*~*~ (stealth).
 12155 | Lair:3   | Noticed a five-headed hydra
 12156 | Lair:3   | 12156 ||| INVOKING Heroism.
 12158 | Lair:3   | 12158 ||| SWAPPING to -1 demon whip of venom.
 12162 | Lair:3   | Killed a five-headed hydra
 12163 | Lair:3   | 12163 ||| SWAPPING to +4 war axe.
 12408 | Lair:3   | 12408 ||| DRINKING 2 fizzy green potions.
 12452 | Lair:4   | Found a runed translucent door.
 12480 | Lair:4   | 12480 ||| INVOKING Heroism.
 12509 | Lair:4   | 12509 ||| Stepping ~*~*~tactically~*~*~ (stealth).
 12512 | Lair:4   | 12512 ||| INVOKING Heroism.
 12653 | Lair:4   | Noticed a death yak
 12653 | Lair:4   | Noticed a death yak
 12653 | Lair:4   | Noticed a death yak
 12654 | Lair:4   | 12654 ||| INVOKING Heroism.
 12654 | Lair:4   | Noticed a death yak
 12655 | Lair:4   | Noticed a death yak
 12672 | Lair:4   | Killed a death yak
 12673 | Lair:4   | Reached skill level 6 in Invocations
 12673 | Lair:4   | Reached XP level 13. HP: 68/82 MP: 17/17
 12689 | Lair:4   | 12689 ||| INVOKING Heroism.
 12812 | Lair:4   | 12812 ||| INVOKING Heroism.
 12816 | Lair:4   | 12816 ||| SWAPPING to -1 demon whip of venom.
 12822 | Lair:4   | 12822 ||| SWAPPING to +4 war axe.
 12850 | Lair:4   | Reached skill level 13 in Axes
 12879 | Lair:4   | 12879 ||| Stepping ~*~*~tactically~*~*~ (stealth).
 13112 | Lair:4   | Noticed qw's ghost (journeyman GrFi)
 13113 | Lair:4   | Identified the +4 trident "Secsaepe" {flame, rElec rF+
                  | Will+}
 14190 | Lair:5   | Entered Level 5 of the Lair of Beasts
 14190 | Lair:5   | Noticed Rupert
 14191 | Lair:5   | 14191 ||| INVOKING Heroism.
 14209 | Lair:5   | Killed Rupert
 14209 | Lair:5   | Received a gift from Okawaru
 14340 | Lair:5   | 14340 ||| Stepping ~*~*~tactically~*~*~ (stealth).
 14409 | Lair:5   | 14409 ||| Stepping ~*~*~tactically~*~*~ (stealth).
 14454 | Lair:5   | 14454 ||| Stepping ~*~*~tactically~*~*~ (hiding).
 14485 | Lair:5   | 14485 ||| Stepping ~*~*~tactically~*~*~ (stealth).
 14495 | Lair:5   | 14495 ||| INVOKING Heroism.
 14599 | Lair:5   | 14599 ||| INVOKING Heroism.
 14607 | Lair:5   | Received a gift from Okawaru
 14649 | Lair:5   | 14649 ||| INVOKING Heroism.
 14651 | Lair:5   | 14651 ||| Stepping ~*~*~tactically~*~*~ (stealth).
 14660 | Lair:5   | Reached skill level 9 in Invocations
 14661 | Lair:5   | 14661 ||| Stepping ~*~*~tactically~*~*~ (stealth).
 14682 | Lair:5   | Received a gift from Okawaru
 14837 | Lair:5   | 14837 ||| Stepping ~*~*~tactically~*~*~ (stealth).
 14865 | Lair:5   | 14865 ||| Stepping ~*~*~tactically~*~*~ (stealth).
 14881 | Lair:5   | Received a gift from Okawaru
 14892 | Lair:5   | 14892 ||| Stepping ~*~*~tactically~*~*~ (stealth).
 14893 | Lair:5   | 14893 ||| Stepping ~*~*~tactically~*~*~ (stealth).
 14895 | Lair:5   | 14895 ||| Stepping ~*~*~tactically~*~*~ (stealth).
 14924 | Lair:5   | 14924 ||| INVOKING Heroism.
 14957 | Lair:5   | 14957 ||| Stepping ~*~*~tactically~*~*~ (stealth).
 14961 | Lair:5   | 14961 ||| Stepping ~*~*~tactically~*~*~ (stealth).
 14984 | Lair:5   | 14984 ||| Stepping ~*~*~tactically~*~*~ (stealth).
 14989 | Lair:5   | Reached ***** piety under Okawaru
 15005 | Lair:5   | 15005 ||| Stepping ~*~*~tactically~*~*~ (stealth).
 15055 | Lair:5   | 15055 ||| Stepping ~*~*~tactically~*~*~ (stealth).
 15102 | Lair:5   | 15102 ||| Stepping ~*~*~tactically~*~*~ (stealth).
 15103 | Lair:5   | 15103 ||| INVOKING Heroism.
 15113 | Lair:5   | Gained mutation: Your large and strong wings let you fly.
                  | [Gargoyle growth]
 15113 | Lair:5   | Reached XP level 14. HP: 88/88 MP: 19/21
 15124 | Lair:5   | Reached skill level 14 in Axes
 15136 | Lair:5   | 15136 ||| INVOKING Heroism.
 15159 | Lair:5   | 15159 ||| INVOKING Heroism.
 15356 | Lair:5   | Found a viscous altar of Jiyva.
 15373 | Lair:5   | Found a staircase to the Slime Pits.
 15437 | Lair:5   | 15437 ||| Stepping ~*~*~tactically~*~*~ (stealth).
 15446 | Lair:5   | 15446 ||| Stepping ~*~*~tactically~*~*~ (hiding).
 15527 | Lair:5   | Found a transporter.
 15531 | Lair:5   | Found a transporter.
 15540 | Lair:5   | Noticed qw's ghost (journeyman GrFi)
 15597 | Lair:5   | 15597 ||| Stepping ~*~*~tactically~*~*~ (stealth).
 15682 | Lair:5   | 15682 ||| Stepping ~*~*~tactically~*~*~ (stealth).
 15683 | Lair:5   | 15683 ||| Stepping ~*~*~tactically~*~*~ (stealth).
 15684 | Lair:5   | 15684 ||| Stepping ~*~*~tactically~*~*~ (stealth).
 15685 | Lair:5   | 15685 ||| Stepping ~*~*~tactically~*~*~ (stealth).
 15699 | Lair:5   | 15699 ||| Stepping ~*~*~tactically~*~*~ (stealth).
 15706 | Lair:5   | 15706 ||| Stepping ~*~*~tactically~*~*~ (stealth).
 15708 | Lair:5   | 15708 ||| Stepping ~*~*~tactically~*~*~ (hiding).
 15721 | Lair:5   | 15721 ||| Stepping ~*~*~tactically~*~*~ (hiding).
 15725 | Lair:5   | 15725 ||| INVOKING Heroism.
 15726 | Lair:5   | 15726 ||| INVOKING Finesse.
 16023 | Lair:5   | 16023 ||| Stepping ~*~*~tactically~*~*~ (stealth).
 16274 | Lair:5   | Identified the staff "Varoilid" {rPois Str+5 Poison}
 16397 | Lair:5   | 16397 ||| PLANNING D:1-11
 16397 | Lair:5   | 16397 ||| DROPPING amulet of guardian spirit.
 16398 | Lair:5   | 16398 ||| UPGRADING to amulet of regeneration.
 16408 | Lair:5   | 16408 ||| DROPPING amulet of the acrobat.
 16409 | Lair:5   | 16409 ||| READING 11 scrolls of identify.
 16409 | Lair:5   | 16409 ||| IDENTIFYING red potion
 16410 | Lair:5   | 16410 ||| READING 10 scrolls of identify.
 16410 | Lair:5   | 16410 ||| IDENTIFYING amethyst potion
 16411 | Lair:5   | 16411 ||| DROPPING potion of invisibility.
 16412 | Lair:5   | 16412 ||| DROPPING potion of brilliance.
 16614 | D:11     | 16614 ||| DROPPING +0 war axe of distortion.
 16742 | D:11     | 16742 ||| INVOKING Heroism.
 16980 | D:11     | 16980 ||| Stepping ~*~*~tactically~*~*~ (hiding).
 17095 | D:11     | 17095 ||| Stepping ~*~*~tactically~*~*~ (hiding).
 17492 | D:11     | 17492 ||| PLANNING D
 17492 | D:11     | 17492 ||| UPGRADING to +0 pair of gloves.
 17497 | D:11     | 17497 ||| DROPPING ring of magical power.
 17498 | D:11     | 17498 ||| UPGRADING to ring of positive energy.
 17499 | D:11     | 17499 ||| READING scroll labelled NYDALE DOOME.
 17500 | D:11     | 17500 ||| READING 9 scrolls of identify.
 17500 | D:11     | 17500 ||| IDENTIFYING bubbling orange potion
 17602 | D:12     | 17602 ||| Stepping ~*~*~tactically~*~*~ (stealth).
 17603 | D:12     | 17603 ||| Stepping ~*~*~tactically~*~*~ (stealth).
 17612 | D:12     | 17612 ||| INVOKING Heroism.
 17614 | D:12     | 17614 ||| READING 5 scrolls of teleportation.
 17618 | D:12     | 17618 ||| Stepping ~*~*~tactically~*~*~ (stealth).
 17626 | D:12     | Reached skill level 12 in Shields
 17674 | D:12     | 17674 ||| INVOKING Heroism.
 17685 | D:12     | Received a gift from Okawaru
 17774 | D:12     | 17774 ||| READING scroll of enchant armour.
 17774 | D:12     | 17774 ||| ENCHANTING +0 pair of gloves.
 17796 | D:12     | Found Gohuishri's Magic Scroll Emporium.
 17804 | D:12     | 17804 ||| BUYING 3 scrolls of teleportation (126 gold).
 17804 | D:12     | Bought 3 scrolls of teleportation for 126 gold pieces
 17804 | D:12     | 17804 ||| BUYING scroll of enchant armour (105 gold).
 17804 | D:12     | Bought a scroll of enchant armour for 105 gold pieces
 17804 | D:12     | 17804 ||| BUYING scroll of enchant weapon (105 gold).
 17804 | D:12     | Bought a scroll of enchant weapon for 105 gold pieces
 17804 | D:12     | 17804 ||| BUYING scroll of identify (28 gold).
 17804 | D:12     | Bought a scroll of identify for 28 gold pieces
 17804 | D:12     | 17804 ||| BUYING scroll of identify (28 gold).
 17804 | D:12     | Bought a scroll of identify for 28 gold pieces
 17804 | D:12     | 17804 ||| BUYING scroll of teleportation (42 gold).
 17804 | D:12     | Bought a scroll of teleportation for 42 gold pieces
 17804 | D:12     | 17804 ||| BUYING scroll of teleportation (42 gold).
 17804 | D:12     | Bought a scroll of teleportation for 42 gold pieces
 17804 | D:12     | 17804 ||| READING scroll of enchant armour.
 17804 | D:12     | 17804 ||| ENCHANTING +1 pair of gloves.
 17805 | D:12     | 17805 ||| READING scroll of enchant weapon.
 17805 | D:12     | 17805 ||| ENCHANTING +4 war axe.
 17857 | D:12     | 17857 ||| Stepping ~*~*~tactically~*~*~ (stealth).
 17860 | D:12     | 17860 ||| Stepping ~*~*~tactically~*~*~ (stealth).
 17862 | D:12     | 17862 ||| Stepping ~*~*~tactically~*~*~ (stealth).
 18336 | D:12     | Found a hazy altar of Hepliaklqana.
 18337 | D:12     | 18337 ||| Stepping ~*~*~tactically~*~*~ (stealth).
 18417 | D:12     | 18417 ||| READING scroll labelled GUASOA JOURGHOZ.
 18566 | D:13     | 18566 ||| READING scroll of enchant armour.
 18566 | D:13     | 18566 ||| ENCHANTING +1 pair of boots.
 18587 | D:13     | Found a gate to the Vaults.
 18588 | D:13     | 18588 ||| Stepping ~*~*~tactically~*~*~ (stealth).
 18590 | D:13     | 18590 ||| Stepping ~*~*~tactically~*~*~ (stealth).
 18598 | D:13     | 18598 ||| INVOKING Heroism.
 18600 | D:13     | 18600 ||| READING 9 scrolls of teleportation.
 18643 | D:13     | 18643 ||| INVOKING Finesse.
 18676 | D:13     | 18676 ||| INVOKING Heroism.
 18861 | D:13     | 18861 ||| Stepping ~*~*~tactically~*~*~ (stealth).
 18865 | D:13     | 18865 ||| Stepping ~*~*~tactically~*~*~ (stealth).
 18880 | D:13     | Noticed Lodul
 18895 | D:13     | Killed Lodul
 18901 | D:13     | 18901 ||| INVOKING Heroism.
 18949 | D:13     | 18949 ||| Stepping ~*~*~tactically~*~*~ (stealth).
 18950 | D:13     | 18950 ||| INVOKING Heroism.
 18955 | D:13     | Reached skill level 15 in Axes
 19169 | D:13     | Received a gift from Okawaru
 19193 | D:13     | 19193 ||| INVOKING Heroism.
 19194 | D:13     | 19194 ||| READING 8 scrolls of teleportation.
 19217 | D:13     | 19217 ||| Stepping ~*~*~tactically~*~*~ (stealth).
 19218 | D:13     | 19218 ||| Stepping ~*~*~tactically~*~*~ (stealth).
 19240 | D:13     | 19240 ||| Stepping ~*~*~tactically~*~*~ (stealth).
 19258 | D:13     | Identified the +3 broad axe of the Valley {chaos, rPois
                  | Will+} (Okawaru gifted it to you on level 13 of the
                  | Dungeon)
 19258 | D:13     | Received a gift from Okawaru
 19274 | D:13     | Reached XP level 15. HP: 95/95 MP: 22/22
 19275 | D:13     | 19275 ||| SWAPPING to +3 broad axe of the Valley {chaos,
                  | rPois Will+}.
 19301 | D:13     | Noticed a fire giant
 19302 | D:13     | 19302 ||| INVOKING Heroism.
 19303 | D:13     | 19303 ||| INVOKING Finesse.
 19322 | D:13     | Killed a fire giant
 19367 | D:13     | 19367 ||| DROPPING +0 morningstar.
 19368 | D:13     | 19368 ||| DROPPING -1 demon whip of venom.
 19397 | D:13     | 19397 ||| INVOKING Heroism.
 19405 | D:13     | Reached skill level 12 in Fighting
 19455 | D:13     | Found Lecluq's Jewellery Shop.
 19461 | D:13     | 19461 ||| BUYING ring of fire (425 gold).
 19461 | D:13     | Bought a ring of fire for 425 gold pieces
 19461 | D:13     | 19461 ||| BUYING ring of positive energy (340 gold).
 19461 | D:13     | Bought a ring of positive energy for 340 gold pieces
 19461 | D:13     | 19461 ||| BUYING ring of protection from cold (425 gold).
 19461 | D:13     | Bought a ring of protection from cold for 425 gold pieces
 19461 | D:13     | 19461 ||| SHOPLISTING ring of willpower (425 gold, have
                  | 174).
 19510 | D:13     | 19510 ||| INVOKING Heroism.
 19518 | D:13     | 19518 ||| Stepping ~*~*~tactically~*~*~ (stealth).
 19536 | D:13     | 19536 ||| READING 7 scrolls of teleportation.
 19614 | D:13     | Noticed Urug
 19615 | D:13     | 19615 ||| Stepping ~*~*~tactically~*~*~ (stealth).
 19624 | D:13     | 19624 ||| INVOKING Heroism.
 19634 | D:13     | Killed Urug
 19781 | D:13     | 19781 ||| Stepping ~*~*~tactically~*~*~ (stealth).
 19783 | D:13     | 19783 ||| Stepping ~*~*~tactically~*~*~ (hiding).
 19785 | D:13     | 19785 ||| Stepping ~*~*~tactically~*~*~ (hiding).
 19786 | D:13     | 19786 ||| Stepping ~*~*~tactically~*~*~ (hiding).
 19891 | D:13     | 19891 ||| UPGRADING to ring of protection from cold.
 19893 | D:13     | 19893 ||| UPGRADING to ring of willpower.
 19940 | D:13     | 19940 ||| Stepping ~*~*~tactically~*~*~ (hiding).
 19978 | D:14     | Noticed Snorg
 19987 | D:14     | 19987 ||| INVOKING Heroism.
 19996 | D:14     | Killed Snorg
 20048 | D:14     | Identified the +0 helmet "Exkasuk" {*Slow Regen+ Str+2}
 20209 | D:14     | 20209 ||| INVOKING Heroism.
 20216 | D:14     | Received a gift from Okawaru
 20327 | D:14     | 20327 ||| INVOKING Heroism.
 20377 | D:14     | 20377 ||| Stepping ~*~*~tactically~*~*~ (hiding).
 20379 | D:14     | 20379 ||| Stepping ~*~*~tactically~*~*~ (hiding).
 20391 | D:14     | 20391 ||| FLEEEEING.
 20392 | D:14     | 20392 ||| FLEEEEING.
 20393 | D:14     | 20393 ||| FLEEEEING.
 20394 | D:14     | 20394 ||| FLEEEEING.
 20395 | D:14     | 20395 ||| FLEEEEING.
 20396 | D:14     | 20396 ||| FLEEEEING.
 20397 | D:14     | 20397 ||| FLEEEEING.
 20398 | D:14     | 20398 ||| FLEEEEING.
 20399 | D:14     | 20399 ||| FLEEEEING.
 20400 | D:14     | 20400 ||| FLEEEEING.
 20401 | D:14     | 20401 ||| FLEEEEING.
 20402 | D:14     | 20402 ||| FLEEEEING.
 20403 | D:14     | 20403 ||| FLEEEEING.
 20404 | D:14     | 20404 ||| FLEEEEING.
 20496 | D:14     | Noticed Josephine
 20497 | D:14     | 20497 ||| Stepping ~*~*~tactically~*~*~ (hiding).
 20511 | D:14     | Reached skill level 16 in Axes
 20514 | D:14     | Killed Josephine
 20514 | D:14     | Received a gift from Okawaru
 21011 | D:14     | 21011 ||| UPGRADING to +0 helmet "Exkasuk" {*Slow Regen+
                  | Str+2}.
 21052 | D:15     | Entered Level 15 of the Dungeon
 21057 | D:15     | 21057 ||| Stepping ~*~*~tactically~*~*~ (hiding).
 21098 | D:15     | 21098 ||| Stepping ~*~*~tactically~*~*~ (hiding).
 21099 | D:15     | 21099 ||| Stepping ~*~*~tactically~*~*~ (hiding).
 21100 | D:15     | 21100 ||| Stepping ~*~*~tactically~*~*~ (hiding).
 21117 | D:15     | Found a staircase to the Depths.
 21118 | D:15     | 21118 ||| INVOKING Heroism.
 21203 | D:15     | 21203 ||| Stepping ~*~*~tactically~*~*~ (hiding).
 21445 | D:15     | Found a glowing silver altar of Zin.
 21445 | D:15     | Found a glowing golden altar of the Shining One.
 21445 | D:15     | Found a white marble altar of Elyvilon.
 21463 | D:15     | 21463 ||| Stepping ~*~*~tactically~*~*~ (stealth).
 21470 | D:15     | 21470 ||| Stepping ~*~*~tactically~*~*~ (stealth).
 21475 | D:15     | Found a frozen archway.
 21477 | D:15     | 21477 ||| Stepping ~*~*~tactically~*~*~ (stealth).
 21484 | D:15     | 21484 ||| INVOKING Heroism.
 21486 | D:15     | Reached skill level 12 in Armour
 21489 | D:15     | Received a gift from Okawaru
 21562 | D:15     | 21562 ||| Stepping ~*~*~tactically~*~*~ (hiding).
 21565 | D:15     | 21565 ||| Stepping ~*~*~tactically~*~*~ (hiding).
 21683 | D:15     | 21683 ||| Stepping ~*~*~tactically~*~*~ (stealth).
 21690 | D:15     | 21690 ||| INVOKING Heroism.
 21705 | D:15     | Reached skill level 3 in Dodging
 21899 | D:15     | 21899 ||| PLANNING ORC
 21899 | D:15     | 21899 ||| DROPPING ring of wizardry.
 22046 | Orc:1    | Entered Level 1 of the Orcish Mines
 22124 | Orc:1    | 22124 ||| FLEEEEING.
 22129 | Orc:1    | 22129 ||| Stepping ~*~*~tactically~*~*~ (hiding).
 22130 | Orc:1    | 22130 ||| Stepping ~*~*~tactically~*~*~ (hiding).
 22148 | Orc:1    | 22148 ||| Stepping ~*~*~tactically~*~*~ (hiding).
 22150 | Orc:1    | 22150 ||| Stepping ~*~*~tactically~*~*~ (hiding).
 22151 | Orc:1    | 22151 ||| Stepping ~*~*~tactically~*~*~ (hiding).
 22152 | Orc:1    | 22152 ||| Stepping ~*~*~tactically~*~*~ (hiding).
 22199 | Orc:1    | 22199 ||| Stepping ~*~*~tactically~*~*~ (stealth).
 22206 | Orc:1    | 22206 ||| Stepping ~*~*~tactically~*~*~ (stealth).
 22287 | Orc:1    | 22287 ||| Stepping ~*~*~tactically~*~*~ (stealth).
 22473 | Orc:2    | Entered Level 2 of the Orcish Mines
 22507 | Orc:2    | Received a gift from Okawaru
 22606 | Orc:2    | 22606 ||| INVOKING Heroism.
 22608 | Orc:2    | Found Ukad's General Store.
 22626 | Orc:2    | 22626 ||| READING 6 scrolls of teleportation.
 22626 | Orc:2    | HP: 18/96 [soul eater[an orc high priest] (15)]
 22626 | Orc:2    | HP: 6/96 [rust devil[an orc high priest] (12)]
 22627 | Orc:2    | 22627 ||| DRINKING 5 potions of heal wounds.
 22628 | Orc:2    | 22628 ||| DRINKING 4 potions of heal wounds.
 22629 | Orc:2    | 22629 ||| DRINKING potion of cancellation.
 22633 | Orc:2    | Noticed an orc warlord
 22634 | Orc:2    | 22634 ||| Stepping ~*~*~tactically~*~*~ (stealth).
 22640 | Orc:2    | HP: 22/96 [orc warlord/+0 battleaxe (35)]
 22641 | Orc:2    | 22641 ||| READING 5 scrolls of teleportation.
 22642 | Orc:2    | 22642 ||| DRINKING 3 potions of heal wounds.
 22645 | Orc:2    | 22645 ||| DRINKING 2 potions of heal wounds.
 22645 | Orc:2    | Found Veef's Book Boutique.
 22652 | Orc:2    | Killed an orc warlord
 22653 | Orc:2    | 22653 ||| INVOKING Finesse.
 22657 | Orc:2    | 22657 ||| INVOKING Heroism.
 22657 | Orc:2    | HP: 22/96 [orc warrior/+1 heavy halberd (10)]
 22658 | Orc:2    | 22658 ||| READING 4 scrolls of teleportation.
 22659 | Orc:2    | 22659 ||| DRINKING potion of heal wounds.
 22666 | Orc:2    | Reached XP level 16. HP: 54/101 MP: 16/23
 22675 | Orc:2    | 22675 ||| INVOKING Heroism.
 22781 | Orc:2    | 22781 ||| INVOKING Heroism.
 22887 | Orc:1    | 22887 ||| INVOKING Heroism.
 22947 | Orc:2    | Found a dark tunnel.
 22989 | Orc:2    | 22989 ||| INVOKING Heroism.
 22999 | Orc:2    | Reached skill level 6 in Throwing
 23005 | Orc:2    | 23005 ||| BUYING scroll of teleportation (33 gold).
 23005 | Orc:2    | Bought a scroll of teleportation for 33 gold pieces
 23005 | Orc:2    | 23005 ||| BUYING scroll of teleportation (33 gold).
 23005 | Orc:2    | Bought a scroll of teleportation for 33 gold pieces
 23078 | Orc:2    | Found Zyinowas's Antique Armour Boutique.
 23123 | Orc:2    | 23123 ||| INVOKING Heroism.
 23124 | Orc:2    | Found Qoshon's Antique Weapon Boutique.
 23134 | Orc:2    | Received a gift from Okawaru
 23144 | Orc:2    | HP: 23/101 [smoke demon/divine providence[an orc high
                  | priest] (15)]
 23145 | Orc:2    | 23145 ||| READING 5 scrolls of teleportation.
 23145 | Orc:2    | HP: 11/101 [smoke demon/ball of steam[an orc high priest]
                  | (14)]
 23226 | Orc:2    | 23226 ||| INVOKING Heroism.
 23268 | Orc:2    | Found a staircase to the Elven Halls.
 23449 | Orc:2    | 23449 ||| PLANNING SWAMP:1-3
 23555 | Swamp:1  | Entered Level 1 of the Swamp
 23563 | Swamp:1  | 23563 ||| INVOKING Heroism.
 23574 | Swamp:1  | 23574 ||| Stepping ~*~*~tactically~*~*~ (stealth).
 23587 | Swamp:1  | 23587 ||| DROPPING +5 war axe.
 23624 | Swamp:1  | 23624 ||| INVOKING Heroism.
 23640 | Swamp:1  | Reached skill level 17 in Axes
 23699 | Swamp:1  | 23699 ||| INVOKING Heroism.
 23716 | Swamp:1  | 23716 ||| SWAPPING to +0 eveningstar of flaming.
 23718 | Swamp:1  | HP: 21/103 [eight-headed hydra[a spriggan druid] (12)]
 23719 | Swamp:1  | 23719 ||| READING 4 scrolls of teleportation.
 23719 | Swamp:1  | Slain by a swamp worm

Levels and vault maps discovered:
D:1:      minmay_arrival_shattered_statue, layout_basic, nrook_mini_backslash,
          hangedman_abyss_or_decor_stabs, minmay_tetromino_i4
D:2:      minmay_door_path, layout_loops_cross
D:3:      layout_rooms, uniq_ijyb, uniq_natasha
D:4:      layout_basic, marbit_many_paths, temple_doors_ab,
          gup_ossuary_entry_pyramid
D:5:      layout_basic, mainiacjoe_overflow_six_doors_small,
          nicolae_wu_jian_wuxing_cycle, gammafunk_ghost_stat_death
D:6:      layout_rooms, kennysheep_okawaru_gauntlet, mainiacjoe_overflow_paths,
          uniq_sigmund
D:7:      layout_basic
D:8:      cheibrodos_quashed, layout_gridville, fedhas_bush_and_centaur_altar,
          grunt_qazlal_sundering, minmay_door_square
D:9:      gammafunk_cloud_chamber, layout_cave_pools,
          nicolae_tso_carved_into_rock, david_orc_3, enter_bailey_2,
          uniq_joseph, uniq_maurice
D:10:     layout_cave_pools, mainiacjoe_overflow_alcove_1,
          minmay_lair_entry_grove, minmay_gold_behind_fungi, minivault_24
D:11:     layout_basic, minmay_tree_intersection, billiards_dpeg
D:12:     layout_loops_ring, serial_shops, shop,
          nicolae_hepliaklqana_monster_ancestors
D:13:     minmay_firetagon, layout_basic, erik_vaults_2, serial_shops,
          nicolae_shop_crystal, uniq_urug, uniq_lodul
D:14:     layout_grid_maze, chequers_serial_rivers_large_b, kennysheep_donut,
          uniq_snorg, uniq_josephine
D:15:     grunt_enter_depths_snipers, layout_rooms, good_gods_mini_temple,
          portal_ice_cave_entry_ice_simulacra, elves_outpost_lemuel
Temple:   dshaligram_water_room_temple
Lair:1:   layout_layer_cave, chequers_serial_rivers_micro_b, uniq_amaemon
Lair:2:   layout_cave_pods, minmay_swamp_entry_wisps, spider_nest_entry_webs,
          serial_bayou_shore_a
Lair:3:   layout_chaotic_city
Lair:4:   layout_hall_layers, ebering_ghost_funeral_grove
Lair:5:   hangedman_lair_tendril_chambers, layout_loops_ring,
          guppyfry_lair_end_dragon, nicolae_slime_entry_field_trip,
          gammafunk_ghost_berserking_beasts, uniq_rupert
Swamp:1:  layout_basic_swamp, hangedman_swamp_ruin_wall
Orc:1:    layout_diamond_mine
Orc:2:    grunt_orc_gardens, layout_caves, grunt_orc_garden, grunt_orc_garden,
          grunt_orc_garden, grunt_orc_garden, enter_volcano_3

Skill      XL: |  1  2  3  4  5  6  7  8  9 10 11 12 13 14 15 16 |
---------------+-------------------------------------------------+-----
Axes           | 2 3 4 5 6 7 9 10 11 12 13 15 16 17 | 17.0
Throwing       | 1 2 3 4 5 6 |  6.5
Fighting       | 4 6 8 9 10 11 12 | 12.4
Dodging        | 1 2 3 |  3.0
Shields        | 8 9 10 11 12 13 | 13.0
Invocations    | 3 4 6 10 | 10.1
Armour         | 5 6 8 9 11 12 | 12.0

Action                     |  1- 3 |  4- 6 |  7- 9 | 10-12 | 13-15 | 16-18 || total
---------------------------+-------+-------+-------+-------+-------+-------++-------
  Melee: War axe           |    92 |   165 |   239 |   509 |   882 |       ||  1887
         Demon whip        |       |       |       |    27 |     5 |       ||    32
         Broad axe         |       |       |       |       |   351 |   146 ||   497
         Eveningstar       |       |       |       |       |       |     2 ||     2
  Throw: Javelin           |       |    22 |    20 |    81 |   183 |    20 ||   326
         Boomerang         |       |       |       |    16 |    37 |     5 ||    58
 Invoke: Heroism           |       |       |     7 |    28 |    31 |     9 ||    75
         Finesse           |       |       |       |       |     4 |       ||     4
    Use: Scroll            |     7 |     4 |     6 |     6 |    16 |     2 ||    41
         Potion            |       |     3 |     3 |     2 |     6 |       ||    14
   Stab: Confused          |       |       |       |       |     2 |     1 ||     3
         Petrifying        |       |       |       |       |     1 |       ||     1
 Armour: Scale mail        |    45 |    72 |   135 |       |       |       ||   252
         Chain mail        |       |       |    54 |       |       |       ||    54
         Plate armour      |       |       |    14 |   376 |   657 |   135 ||  1182
  Dodge: Dodged            |    32 |    68 |   167 |   190 |   293 |    71 ||   821
  Block: Buckler           |    19 |    23 |    40 |       |       |       ||    82
         Kite shield       |       |       |    58 |   305 |   611 |   109 ||  1083

Table legend:
 A = Non-vault XP
 B = Vault XP
 C = Vault XP percentage of total XP
 D = Non-vault monster count
 E = Vault monster count
 F = Vault count percentage of total count
                 A         B        C        D         E       F
            +---------+---------+-------+---------+---------+-------
      Total |   83260 |   61745 |  42.6 |     447 |     202 |  31.1
            +---------+---------+-------+---------+---------+-------
        D:1 |      63 |       7 |  10.0 |      29 |       4 |  12.1
        D:2 |     104 |       5 |   4.6 |      22 |       1 |   4.3
        D:3 |      93 |      71 |  43.3 |      14 |       2 |  12.5
        D:4 |     567 |      20 |   3.4 |      19 |       2 |   9.5
        D:5 |     253 |       0 |   0.0 |       8 |       0 |   0.0
        D:6 |     336 |     233 |  40.9 |      17 |       2 |  10.5
        D:7 |     893 |       0 |   0.0 |      16 |       0 |   0.0
        D:8 |    1823 |     108 |   5.6 |      19 |       1 |   5.0
        D:9 |    2360 |    1162 |  33.0 |      20 |       9 |  31.0
       D:10 |    3856 |    1994 |  34.1 |      27 |      13 |  32.5
       D:11 |    2041 |     902 |  30.6 |      21 |       3 |  12.5
       D:12 |    6314 |       3 |   0.0 |      28 |       2 |   6.7
       D:13 |    7014 |   13635 |  66.0 |      20 |      25 |  55.6
       D:14 |    9311 |    2937 |  24.0 |      29 |       7 |  19.4
       D:15 |    3589 |   10246 |  74.1 |       7 |      20 |  74.1
     Lair:1 |    3402 |    1196 |  26.0 |      21 |       2 |   8.7
     Lair:2 |    4928 |    1093 |  18.2 |      13 |       4 |  23.5
     Lair:3 |    4434 |       0 |   0.0 |      12 |       0 |   0.0
     Lair:4 |    8687 |       0 |   0.0 |      25 |       0 |   0.0
     Lair:5 |   11070 |   16530 |  59.9 |      25 |      56 |  69.1
    Swamp:1 |    8274 |       0 |   0.0 |      17 |       0 |   0.0
      Orc:1 |    2589 |       0 |   0.0 |      21 |       0 |   0.0
      Orc:2 |    1259 |   11583 |  90.2 |      17 |      29 |  63.0
    Ossuary |       0 |      20 | 100.0 |       0 |      20 | 100.0
            +---------+---------+-------+---------+---------+-------
